[Event "Titled Tuesday Blitz July 05 Late 2022"]
[White "Mikhalsky, Vladimir"]
[Black "Wachinger, Nikolas"]
[WhiteFideId "14144352"]
[BlackFideId "12962791"]
[WhiteElo "2301"]
[BlackElo "2253"]
[Result "0-1"]
[Round "07"]
[TimeControl "180+1"]
[Date "2022.07.06"]
[WhiteClock "0:00:08"]
[BlackClock "0:00:06"]

1. c4 Nf6 2. Nc3 g6 3. e4 d6 4. d4 Bg7 5. f3 O-O 6. Be3 b6 7. Qd2 c5 8. d5 e6 9. O-O-O exd5 10. cxd5 a6 11. Bh6 b5 12. h4 Nbd7 13. h5 b4 14. Nce2 Ne5 15. Ng3 c4 16. Bxg7 Kxg7 17. hxg6 fxg6 18. Qh6+ Kg8 19. Nh3 c3 20. Ng5 Nf7 21. Qh4 Nxg5 22. Qxg5 Qa5 23. Bc4 cxb2+ 24. Kb1 Bd7 25. Nf5 Qc5 26. Bb3 a5 27. Ne7+ Kf7 28. e5 Kxe7 29. exf6+ Kd8 30. Rxh7 Bf5+ 31. Qxf5 gxf5 32. Ba4 Ra7 33. Rg7 Rxg7 34. fxg7 Rg8 35. Rh1 Rxg7 36. Rh8+ Kc7 37. Kxb2 Rxg2+ 38. Kb1 Qg1+ 0-1


[Site "https://www.chess.com"]

[Event "Titled Tuesday Blitz July 05 Late 2022"]
[White "Navarrete Mendez, Gonzalo Alberto"]
[Black "Leisch, Lukas"]
[WhiteFideId "5106850"]
[BlackFideId "1632094"]
[WhiteElo "2261"]
[BlackElo "2216"]
[Result "1/2-1/2"]
[Round "07"]
[TimeControl "180+1"]
[Date "2022.07.06"]
[WhiteClock "0:00:14"]
[BlackClock "0:00:33"]

1. e4 e6 2. d4 d5 3. Nc3 Bb4 4. e5 c5 5. a3 Bxc3+ 6. bxc3 Ne7 7. Qg4 Qc7 8. Qxg7 Rg8 9. Qxh7 cxd4 10. Qd3 Qxe5+ 11. Ne2 dxc3 12. Qxc3 Qxc3+ 13. Nxc3 Nbc6 14. h4 e5 15. Bg5 Bf5 16. f4 d4 17. Nb5 Kd7 18. fxe5 Bxc2 19. Bc4 Nxe5 20. Nxd4 Nxc4 21. Nxc2 f6 22. Bxf6 Rxg2 23. O-O-O+ Ke6 24. Bg5 Rc8 25. Rhe1+ Ne5 26. Rd2 Rxd2 27. Kxd2 Nf5 28. Bf4 Rc5 29. Nb4 Kf6 30. Bg5+ Kg6 31. Re4 a5 32. Nd3 Nf3+ 33. Ke2 Nxg5 34. Nxc5 Nxe4 35. Nxe4 Nxh4 36. Nc5 b5 37. Nb3 Kf6 38. Nxa5 Ke5 39. Kd3 Kd5 40. Kc3 Kc5 41. Nb7+ Kb6 42. Nd6 Ng6 43. Kb4 Ne5 44. Nxb5 Nd3+ 45. Kc4 Nb2+ 46. Kb4 Nd3+ 47. Kc4 Nb2+ 48. Kb3 Kxb5 49. Kxb2 Ka4 50. Ka2 Ka5 51. Kb3 Ka6 52. a4 Ka7 53. Ka3 Ka8 54. Kb4 Kb8 55. Kb5 Ka8 56. Ka5 Kb8 57. Ka6 Ka8 58. Kb6 Kb8 59. Kc6 Ka8 60. Kc7 Ka7 61. Kc6 Ka6 62. Kc5 Ka5 63. Kc4 Kxa4 1/2-1/2


[Site "https://www.chess.com"]

[Event "Titled Tuesday Blitz July 05 Late 2022"]
[White "Nguyen, Quoc Hy"]
[Black "Huber, Benedikt"]
[WhiteFideId "12410853"]
[BlackFideId "12923583"]
[WhiteElo "1938"]
[BlackElo "1979"]
[Result "1/2-1/2"]
[Round "07"]
[TimeControl "180+1"]
[Date "2022.07.05"]
[WhiteClock "0:00:07"]
[BlackClock "0:00:05"]

1. d4 Nf6 2. c4 e6 3. Nc3 Bb4 4. Qc2 O-O 5. Bg5 c5 6. dxc5 Na6 7. a3 Bxc3+ 8. Qxc3 Nxc5 9. Bxf6 Qxf6 10. Qxf6 gxf6 11. b4 Na6 12. g4 b6 13. Bg2 Rb8 14. e3 Bb7 15. Bxb7 Rxb7 16. Nf3 Rc7 17. Nd2 Nb8 18. Ke2 Nc6 19. f4 Ne7 20. Rhd1 d5 21. cxd5 Nxd5 22. Ne4 Rc4 23. Kf3 Rc2 24. h4 Rfc8 25. g5 Rh2 26. Nxf6+ Nxf6 27. gxf6 Rxh4 28. Rd7 Rh6 29. Rg1+ Kf8 30. Rc1 Re8 31. Rxa7 Rxf6 32. Ra6 e5 33. a4 exf4 34. exf4 Rd8 35. Rc4 Rd3+ 36. Ke4 Rd1 37. b5 Re6+ 38. Kf5 Rd5+ 39. Kg4 Rg6+ 40. Kf3 Re6 41. Rc6 Rd3+ 42. Kg4 Re1 43. Raxb6 Rd5 44. a5 h5+ 45. Kf3 Rd3+ 46. Kf2 Ra1 47. Rb8+ Kg7 48. Ke2 Rg3 49. Kf2 Rd3 50. Rc2 Rxa5 51. b6 Rb3 52. Kg1 Rab5 53. Rc6 Rb2 54. Rd6 Ra5 55. Rd1 Rab5 56. Rd6 Ra5 57. Rd1 Rab5 58. Rd6 1/2-1/2


[Site "https://www.chess.com"]

[Event "Titled Tuesday Blitz July 05 Late 2022"]
[White "Noboa Silva, Kevin"]
[Black "Todorovic, Bojan"]
[WhiteFideId "3618471"]
[BlackFideId "917087"]
[WhiteElo "2172"]
[BlackElo "2266"]
[Result "0-1"]
[Round "07"]
[TimeControl "180+1"]
[Date "2022.07.06"]
[WhiteClock "0:00:01"]
[BlackClock "0:00:16"]

1. d4 d5 2. c4 dxc4 3. Nf3 Nf6 4. e3 e6 5. Bxc4 a6 6. O-O c5 7. b3 Nc6 8. Bb2 cxd4 9. Nxd4 Nxd4 10. Bxd4 Be7 11. Qf3 O-O 12. Rd1 Qc7 13. Nc3 e5 14. Qg3 Bd6 15. Nd5 Nxd5 16. Bb2 Nf6 17. Rac1 Qe7 18. Rxd6 Qxd6 19. Bxe5 Qe7 20. Bd6 Qd8 21. Bxf8 Kxf8 22. Be2 Be6 23. Bf3 Rc8 24. Rd1 Qc7 25. Qh4 h6 26. Qb4+ Kg8 27. Qxb7 Qxb7 28. Bxb7 Rc2 29. Bxa6 Rxa2 30. Bc4 Bxc4 31. bxc4 Rc2 32. Rd8+ Kh7 33. f3 Rxc4 34. Rd2 h5 35. e4 h4 36. Kf2 Rc3 37. e5 Nh5 38. g3 hxg3+ 39. hxg3 g6 40. Ra2 Rc7 41. Kg2 Ng7 42. f4 Ne6 43. Ra6 Rc3 44. Ra7 Kg7 45. Rb7 Nd4 46. Kh3 Nf5 47. Kh2 Rxg3 48. e6 Re3 49. Rxf7+ Kh6 50. Rf6 Nd4 51. Kg2 Rxe6 52. Rf8 Kg7 53. Rb8 Re3 0-1


[Site "https://www.chess.com"]

[Event "Titled Tuesday Blitz July 05 Late 2022"]
[White "Omariev, Maksim"]
[Black "Kozionov, Kirill"]
[WhiteFideId "4193423"]
[BlackFideId "24101729"]
[WhiteElo "2444"]
[BlackElo "2426"]
[Result "1-0"]
[Round "07"]
[TimeControl "180+1"]
[Date "2022.07.06"]
[WhiteClock "0:00:36"]
[BlackClock "0:00:01"]

1. g4 h5 2. g5 d5 3. d4 Bf5 4. Bg2 e6 5. Nc3 Bb4 6. Nf3 Ne7 7. Be3 Nd7 8. Qd2 Nb6 9. b3 c6 10. a3 Bd6 11. Bf4 Ng6 12. Bxd6 Qxd6 13. e3 h4 14. h3 a5 15. a4 O-O 16. Ne2 Be4 17. Nf4 Nxf4 18. exf4 Qb4 19. Qxb4 axb4 20. Kd2 f6 21. g6 Bxg6 22. Nxh4 Bh7 23. Rhg1 Kf7 24. Bf3 Rg8 25. Rg3 g5 26. fxg5 Rxg5 27. Rxg5 fxg5 28. Bh5+ Ke7 29. Nf3 Rf8 30. Rg1 Be4 31. Ke3 Nc8 32. Nxg5 Bf5 33. Bg4 Nd6 34. Bxf5 Nxf5+ 35. Kd3 Nd6 36. Rg2 Nf5 37. Nf3 Nd6 38. Ne5 Rf4 39. Rg7+ Kf6 40. Rd7 Nf5 41. Rf7+ Kg5 42. h4+ Rxh4 43. Nf3+ Kg4 44. Nxh4 Kxh4 45. Rxb7 1-0


[Site "https://www.chess.com"]

[Event "Titled Tuesday Blitz July 05 Late 2022"]
[White "Oparin, Grigoriy"]
[Black "Sanal, Vahap"]
[WhiteFideId "24125890"]
[BlackFideId "6300545"]
[WhiteElo "2639"]
[BlackElo "2574"]
[Result "0-1"]
[Round "07"]
[TimeControl "180+1"]
[Date "2022.07.05"]
[WhiteClock "0:00:11"]
[BlackClock "0:00:06"]

1. d4 Nf6 2. c4 g6 3. Nf3 Bg7 4. g3 O-O 5. Bg2 d6 6. Nc3 c6 7. O-O Qb6 8. e4 Bg4 9. Rb1 Qa6 10. Qd3 d5 11. Ne5 dxe4 12. Nxe4 Bf5 13. Bf4 Nbd7 14. Nxd7 Nxd7 15. Rbd1 Qxa2 16. b3 Qa5 17. h3 Rad8 18. Qe3 Bxe4 19. Bxe4 e6 20. h4 a6 21. Bf3 h5 22. Rfe1 Rfe8 23. Bg5 Bf6 24. Bh6 Nf8 25. d5 cxd5 26. cxd5 Qc3 27. Rd3 Qb4 28. Bxf8 Kxf8 29. Qe4 Qxe4 30. Rxe4 e5 31. d6 Re6 32. Rb4 b5 33. d7 Be7 34. Re4 f5 35. Re2 e4 36. Rd1 Kf7 37. Bg2 Rd6 38. Red2 Ke6 39. Rxd6+ Bxd6 40. Ra1 Rxd7 41. Rxa6 Rc7 42. Bf1 Rc1 43. Kg2 Ke5 44. Ra2 b4 45. Bc4 Bc5 46. Bf7 Kf6 47. Be8 Bd4 48. Rd2 Bc5 49. Bb5 Rc3 50. Ba4 Rd3 51. Rxd3 exd3 52. Bb5 d2 53. Be2 Ke5 54. f3 Kd4 55. g4 Kc3 56. gxh5 gxh5 57. Bd1 Be7 58. f4 Kb2 59. Kg3 Kc1 60. Bxh5 d1=Q 61. Bxd1 Kxd1 62. h5 Bf6 63. h6 Kc2 64. Kf3 Kxb3 65. Ke3 Kc3 0-1


[Site "https://www.chess.com"]

[Event "Titled Tuesday Blitz July 05 Late 2022"]
[White "Palchuk, Andrii"]
[Black "Madaminov, Mukhiddin"]
[WhiteFideId "14176688"]
[BlackFideId "14210703"]
[WhiteElo "2338"]
[BlackElo "2011"]
[Result "1-0"]
[Round "07"]
[TimeControl "180+1"]
[Date "2022.07.05"]
[WhiteClock "0:00:24"]
[BlackClock "0:00:07"]

1. Nf3 Nf6 2. g3 d5 3. Bg2 c6 4. O-O Bg4 5. Ne5 Bf5 6. c4 Nbd7 7. d4 e6 8. Nc3 Be7 9. Nxd7 Qxd7 10. b3 O-O 11. Bb2 Rfd8 12. e3 a5 13. Qe2 h5 14. Na4 Rab8 15. c5 h4 16. Bc3 Qc7 17. Qe1 Ra8 18. Nb6 Bd3 19. Nxa8 Rxa8 20. Qd1 Bxf1 21. Bxf1 hxg3 22. hxg3 Ne4 23. Be1 b5 24. Bd3 f5 25. Qh5 Bf6 26. Kg2 Nxc5 27. Be2 Ne4 28. Rc1 Qd7 29. g4 a4 30. b4 Rf8 31. f3 Ng5 32. f4 Ne4 33. g5 Bd8 34. Bh4 Re8 35. Rh1 Kf8 36. Qh8+ Kf7 37. g6+ Kxg6 38. Bh5# 1-0


[Site "https://www.chess.com"]

[Event "Titled Tuesday Blitz July 05 Late 2022"]
[White "Papp, Levente"]
[Black "Vakhlamov, Igor L."]
[WhiteFideId "751243"]
[BlackFideId "24126748"]
[WhiteElo "2308"]
[BlackElo "2401"]
[Result "1/2-1/2"]
[Round "07"]
[TimeControl "180+1"]
[Date "2022.07.05"]
[WhiteClock "0:00:10"]
[BlackClock "0:00:18"]

1. c4 Nf6 2. Nc3 c5 3. e4 Nc6 4. g3 e6 5. Bg2 d5 6. cxd5 exd5 7. exd5 Nb4 8. d3 Nfxd5 9. Nxd5 Nxd5 10. Ne2 Be7 11. O-O O-O 12. d4 Be6 13. dxc5 Bxc5 14. Nd4 Qb6 15. Nb3 Rfd8 16. Nxc5 Qxc5 17. Qh5 Rac8 18. Qh4 h6 19. Bxh6 gxh6 20. Qxh6 Qf8 21. Qh4 Qe7 22. Qa4 a6 23. Rfe1 Qf6 24. Rad1 Qxb2 25. Bxd5 Bxd5 26. Rxd5 Rxd5 27. Qg4+ Kh7 28. Qxc8 Qxa2 29. Qxb7 Rf5 30. Qe4 Qxf2+ 31. Kh1 Qf3+ 32. Qxf3 Rxf3 33. Ra1 Rf6 34. Ra5 Kg6 35. Kg2 Rb6 36. h4 f6 37. Kh3 f5 38. Kg2 Rc6 39. Kh3 Rb6 40. Kg2 Kf6 41. Kh3 Rc6 42. Kg2 Kg6 43. Kh3 Rf6 44. Kg2 Rb6 45. Kh3 Rd6 46. Kg2 Kf6 47. Kh3 Ke6 48. h5 Kf6 49. Kh4 Rd4+ 50. Kh3 Rd6 51. Kh4 Rd4+ 52. Kh3 Kg5 53. Rxa6 Kxh5 54. Ra5 Kg5 55. Ra8 Rd6 56. Ra5 Rh6+ 57. Kg2 Rb6 58. Kh3 Rh6+ 59. Kg2 Rh8 60. Rb5 Rh7 61. Ra5 Kg4 62. Ra4+ Kg5 63. Ra5 Rb7 64. Rc5 Rb4 65. Kh3 Ra4 66. Rb5 Ra3 67. Rc5 Ra4 68. Rb5 Rc4 69. Ra5 Kf6 70. Ra6+ Ke5 71. Ra5+ Ke4 72. Ra8 Rc3 73. Ra4+ Ke5 74. Ra5+ Kf6 75. Ra6+ Kg5 76. Ra5 Rb3 77. Rc5 Rb4 78. Ra5 Rc4 79. Rb5 Kf6 80. Rb6+ Ke5 81. Rb5+ Ke4 82. Rb8 Ra4 83. Rb3 Ra1 84. Rb4+ Ke5 85. Rb5+ Kf6 86. Rb6+ Kg5 87. Rb5 Rc1 88. Ra5 Rb1 89. Rc5 Rb3 90. Ra5 Kf6 91. Rc5 Ke6 92. Kg2 Ra3 93. Rb5 Kf6 94. Rc5 Rb3 95. Ra5 Kg5 96. Kh3 Kg6 97. Kg2 Kf6 98. Ra6+ Ke5 99. Ra5+ Ke4 100. Ra4+ Kd5 101. Ra5+ Ke6 102. Ra6+ Ke5 103. Ra5+ Kf6 1/2-1/2


[Site "https://www.chess.com"]

[Event "Titled Tuesday Blitz July 05 Late 2022"]
[White "Poltorak, Sebastian"]
[Black "Barp, Alberto"]
[WhiteFideId "1199498"]
[BlackFideId "872555"]
[WhiteElo "2104"]
[BlackElo "2229"]
[Result "1-0"]
[Round "07"]
[TimeControl "180+1"]
[Date "2022.07.05"]
[WhiteClock "0:01:10"]
[BlackClock "0:00:17"]

1. d4 Nf6 2. c4 e6 3. Nc3 d5 4. cxd5 Nxd5 5. e4 Nxc3 6. bxc3 c5 7. Nf3 cxd4 8. cxd4 Bb4+ 9. Bd2 Bxd2+ 10. Qxd2 O-O 11. Bc4 Nd7 12. O-O b6 13. Rfe1 Bb7 14. Rad1 Rc8 15. Bb3 Qf6 16. d5 Nc5 17. e5 Qg6 18. Bc2 Qh5 19. dxe6 Bxf3 20. exf7+ Rxf7 21. gxf3 Rxf3 22. Qd5+ Kh8 23. e6 Qg4+ 24. Kh1 Rxf2 25. e7 Re8 26. Qc6 Qh5 27. Qxe8+ Qxe8 28. Rd8 1-0


[Site "https://www.chess.com"]

[Event "Titled Tuesday Blitz July 05 Late 2022"]
[White "Raja Rithvik R"]
[Black "Nazaretyan, Tigran"]
[WhiteFideId "35007394"]
[BlackFideId "24162345"]
[WhiteElo "2255"]
[BlackElo "2179"]
[Result "1-0"]
[Round "07"]
[TimeControl "180+1"]
[Date "2022.07.05"]
[WhiteClock "0:00:31"]
[BlackClock "0:00:22"]

1. Nf3 Nf6 2. b3 g6 3. Bb2 Bg7 4. e3 O-O 5. Be2 c5 6. O-O d5 7. a4 Nc6 8. Ne5 Qc7 9. Nxc6 Qxc6 10. f4 Re8 11. Bb5 Qc7 12. Bxe8 Nxe8 13. Bxg7 Nxg7 14. d3 Nf5 15. Qd2 d4 16. e4 Ne3 17. Rf2 f5 18. Na3 Be6 19. exf5 gxf5 20. Nc4 Bxc4 21. bxc4 Kh8 22. Re1 Rg8 23. Rxe3 dxe3 24. Qxe3 Rg7 25. Qe6 Qa5 26. Qxf5 Qe1+ 27. Rf1 Qe3+ 28. Kh1 Qe2 29. Rg1 Qxc2 30. Qf8+ Rg8 31. Qxe7 Qxd3 32. Qxc5 b6 33. Qe5+ Rg7 34. Qb8+ Rg8 35. Qe5+ Rg7 36. Qd5 Qe3 37. f5 Qf4 38. Re1 h6 39. h3 Qf2 40. Rd1 Kh7 41. Qe4 h5 42. f6+ Rg6 43. f7 Qxf7 44. Rd6 Kh6 45. Qxg6+ Qxg6 46. Rxg6+ Kxg6 47. Kh2 Kg5 48. Kg3 a5 49. h4+ Kf5 50. Kf3 Ke5 51. g4 hxg4+ 52. Kxg4 Kd4 53. h5 Kxc4 54. h6 Kb4 55. h7 Kxa4 56. h8=Q b5 57. Qa1+ Kb4 58. Qb2+ Ka4 59. Kf4 b4 60. Ke4 b3 61. Qc3 Ka3 62. Qxa5+ Kb2 63. Kd3 Kc1 64. Qa1# 1-0


[Site "https://www.chess.com"]

[Event "Titled Tuesday Blitz July 05 Late 2022"]
[White "Reprintsev, Alexander"]
[Black "Matsuura, Frederico"]
[WhiteFideId "14100541"]
[BlackFideId "2107848"]
[WhiteElo "2108"]
[BlackElo "2302"]
[Result "0-1"]
[Round "07"]
[TimeControl "180+1"]
[Date "2022.07.06"]
[WhiteClock "0:00:20"]
[BlackClock "0:00:17"]

1. e4 e6 2. Qe2 c5 3. b3 Nc6 4. Bb2 Nf6 5. e5 Nd5 6. Nf3 Be7 7. c4 Nc7 8. g3 O-O 9. Bg2 d5 10. exd6 Qxd6 11. Nc3 Qd8 12. O-O Bf6 13. Rad1 Nd4 14. Nxd4 Bxd4 15. d3 Rb8 16. Ne4 b6 17. Bxd4 Qxd4 18. Qe3 Rd8 19. Qf4 e5 20. Qg5 Ne6 21. Qe7 Qd7 22. Qxd7 Rxd7 23. Bh3 Rd8 24. f4 exf4 25. Bxe6 Bxe6 26. Rxf4 h6 27. Nf2 Rd6 28. d4 cxd4 29. Rfxd4 Rxd4 30. Rxd4 Kf8 31. Nd3 Ke7 32. Ne5 Rc8 33. Kf2 f6 34. Ng6+ Kf7 35. Nf4 Bf5 36. b4 g5 37. Nd5 Be6 38. Ne3 Ke7 39. Re4 Kd6 40. a4 f5 41. Rd4+ Ke5 42. Rd2 Bxc4 43. Rd7 a5 44. bxa5 bxa5 45. Ra7 Bd3 46. Rxa5+ Ke4 47. Rxf5 Rb8 48. Rf6 Rb2+ 49. Kg1 Kxe3 50. h4 g4 51. h5 Be4 0-1


[Site "https://www.chess.com"]

[Event "Titled Tuesday Blitz July 05 Late 2022"]
[White "Rizzo, Tobias"]
[Black "Toncheva, Nadya"]
[WhiteFideId "30942691"]
[BlackFideId "2924056"]
[WhiteElo "2315"]
[BlackElo "1888"]
[Result "0-1"]
[Round "07"]
[TimeControl "180+1"]
[Date "2022.07.06"]
[WhiteClock "0:00:05"]
[BlackClock "0:00:08"]

1. e4 Nf6 2. e5 Nd5 3. Nc3 Nxc3 4. dxc3 g6 5. Nf3 Bg7 6. Bf4 O-O 7. Bc4 d6 8. h3 Nc6 9. exd6 exd6 10. O-O Be6 11. Bb3 Qd7 12. Qd2 Rfe8 13. Bh6 Bh8 14. Rfe1 Bxb3 15. axb3 Ne5 16. Nxe5 Rxe5 17. Rxe5 Bxe5 18. Bf4 Bxf4 19. Qxf4 a6 20. Re1 Re8 21. Re3 Kg7 22. Qd4+ f6 23. Rf3 Re1+ 24. Kh2 Qe6 25. g3 c5 26. Qa4 b5 27. Qf4 Re4 28. Qd2 h5 29. h4 Re5 30. Rf4 Kf7 31. Qd3 Rd5 32. Qf1 Rf5 33. Rxf5 Qxf5 34. Qe2 Qe5 35. Qd2 Ke7 36. Kg1 Qf5 37. Qe3+ Kd7 38. Qe2 Kc6 39. Qd2 Qe4 40. Kh2 a5 41. Kg1 a4 42. bxa4 bxa4 43. Kh2 d5 44. Kg1 d4 45. cxd4 Qxd4 46. Qa5 Qd1+ 47. Kh2 Qxc2 48. Qa6+ Kd5 49. Qxf6 Kc4 50. Kg2 Kb3 51. Kg1 Qxb2 52. Qxg6 a3 53. Qf7+ Kc2 54. Qxh5 a2 55. Qe2+ Kb3 56. Qb5+ Ka3 57. Qa5+ Kb3 58. Qb5+ Kc2 59. Qe2+ Kb1 60. Qd1+ Qc1 0-1


[Site "https://www.chess.com"]

[Event "Titled Tuesday Blitz July 05 Late 2022"]
[White "Rosen, Eric"]
[Black "Petrovic, Aleksa"]
[WhiteFideId "2032562"]
[BlackFideId "967629"]
[WhiteElo "2362"]
[BlackElo "2185"]
[Result "0-1"]
[Round "07"]
[TimeControl "180+1"]
[Date "2022.07.06"]
[WhiteClock "0:00:01"]
[BlackClock "0:00:54"]

1. d4 Nf6 2. Bf4 e6 3. e3 c5 4. Nf3 Qb6 5. Na3 cxd4 6. Nb5 Nd5 7. Qxd4 Qxd4 8. Nfxd4 Nxf4 9. Nc7+ Kd8 10. Nxa8 Ng6 11. g3 b6 12. Bg2 d5 13. a4 Bb7 14. a5 bxa5 15. c3 Bxa8 16. Rxa5 a6 17. O-O Ne5 18. Rfa1 Nc4 19. R5a2 Bb7 20. Bf1 Ne5 21. f4 Ng4 22. Re1 Bc5 23. h3 Nf6 24. Bd3 Kc7 25. g4 h6 26. Kf2 g5 27. Kg3 Rg8 28. fxg5 Rxg5 29. Rf1 Nbd7 30. Bxa6 Bxa6 31. Rxa6 Bxd4 32. exd4 h5 33. Kf4 Ne4 34. gxh5 Rf5+ 35. Ke3 Rxf1 36. c4 Ndf6 37. h6 Rh1 38. cxd5 Rxh3+ 39. Kf4 exd5 40. Ra7+ Kb6 41. Rxf7 Rxh6 42. Ke5 Rh2 43. Rg7 Rxb2 44. Rg6 Re2 45. Rg1 Kb5 46. Rc1 Re3 47. Rc8 Rc3 48. Rb8+ Kc4 49. Rc8+ Kd3 50. Rh8 Rc7 51. Rh3+ Kc4 52. Rh1 Re7+ 53. Kf4 Kxd4 54. Rd1+ Kc3 55. Rc1+ Kd2 56. Ra1 d4 57. Kf5 Nc3 58. Kxf6 Re1 0-1


[Site "https://www.chess.com"]

[Event "Titled Tuesday Blitz July 05 Late 2022"]
[White "Sibilio, Mario"]
[Black "Mickiewicz, Piotr"]
[WhiteFideId "800422"]
[BlackFideId "1114891"]
[WhiteElo "2296"]
[BlackElo "2209"]
[Result "0-1"]
[Round "07"]
[TimeControl "180+1"]
[Date "2022.07.06"]
[WhiteClock "0:00:02"]
[BlackClock "0:00:11"]

1. d4 Nf6 2. c4 d6 3. Nc3 Nbd7 4. Nf3 e5 5. g3 g6 6. Bg2 Bg7 7. h3 O-O 8. Bg5 c6 9. Rc1 h6 10. Be3 e4 11. Nd2 d5 12. cxd5 cxd5 13. Nb5 Ne8 14. Qb3 Nb6 15. Bf4 g5 16. Be3 Be6 17. a4 Qd7 18. h4 f6 19. a5 Nc4 20. Nxc4 dxc4 21. Qb4 a6 22. Nc3 f5 23. hxg5 hxg5 24. Bxg5 Nd6 25. Bf4 Nb5 26. e3 Rf7 27. g4 Bf8 28. Qa4 fxg4 29. Nxb5 axb5 30. Qc2 Bb4+ 31. Kf1 Bd5 32. Bxe4 Re8 33. Bxd5 Qxd5 34. Qg6+ Kf8 35. Rh8+ Ke7 0-1


[Site "https://www.chess.com"]

[Event "Titled Tuesday Blitz July 05 Late 2022"]
[White "Silva, Kaua Marques"]
[Black "Kovacevic, Radmila"]
[WhiteFideId "22701168"]
[BlackFideId "933171"]
[WhiteElo "2071"]
[BlackElo "2157"]
[Result "0-1"]
[Round "07"]
[TimeControl "180+1"]
[Date "2022.07.06"]
[WhiteClock "0:00:07"]
[BlackClock "0:00:13"]

1. e4 e5 2. Nc3 Nf6 3. f4 d5 4. fxe5 Nxe4 5. Nf3 Nc5 6. d4 Ne6 7. Bd3 Nc6 8. Ne2 Nb4 9. Bf5 g6 10. Bh3 Be7 11. O-O c5 12. c3 Nc6 13. Kh1 c4 14. b3 cxb3 15. axb3 b5 16. c4 bxc4 17. bxc4 O-O 18. Qa4 Nb4 19. c5 a5 20. Bd2 Ba6 21. Rfe1 Nd3 22. Rf1 Bc4 23. Qc2 a4 24. Bh6 Re8 25. Rfb1 a3 26. Nc3 Ng5 27. Bxg5 Bxg5 28. Nxg5 Qxg5 29. Ne4 Qe3 30. Nf6+ Kh8 31. g3 Rf8 32. Kg2 a2 33. Rf1 Ra6 34. Bg4 Rxf6 35. exf6 Qe4+ 36. Bf3 Nf4+ 37. gxf4 Qxc2+ 38. Kg3 Bxf1 39. Rxf1 Qc3 40. c6 a1=Q 41. Rxa1 Qxa1 42. Bxd5 Qxd4 43. Bf3 Qxf6 44. h4 Rc8 45. h5 Rxc6 46. hxg6 Qxg6+ 47. Kh4 Rc3 48. Bg4 Qf6+ 49. Kh5 Qxf4 50. Kh4 Rc4 51. Kh5 Qxg4+ 52. Kh6 Qg6# 0-1


[Site "https://www.chess.com"]

[Event "Titled Tuesday Blitz July 05 Late 2022"]
[White "Silvestre, Christian"]
[Black "De Arruda, Leandro Formes"]
[WhiteFideId "30956269"]
[BlackFideId "22722009"]
[WhiteElo "2343"]
[BlackElo "1852"]
[Result "1-0"]
[Round "07"]
[TimeControl "180+1"]
[Date "2022.07.06"]
[WhiteClock "0:00:08"]
[BlackClock "0:00:02"]

1. e4 e6 2. d4 d5 3. e5 c5 4. c3 Nc6 5. Nf3 Qb6 6. a3 a5 7. Be2 Bd7 8. O-O cxd4 9. cxd4 Nge7 10. Nc3 Nf5 11. Be3 Be7 12. Na4 Qc7 13. Rc1 O-O 14. Nc5 Bxc5 15. Rxc5 Qb6 16. Qd2 a4 17. Rfc1 Na5 18. Bd1 Nc4 19. Qc3 Qxb2 20. Rxc4 Qxc3 21. R4xc3 Bb5 22. Bc2 Nxe3 23. fxe3 Bc4 24. Bd3 b5 25. Nd2 Rab8 26. Kf2 f6 27. exf6 gxf6 28. Ke2 e5 29. dxe5 fxe5 30. e4 Bxd3+ 31. Rxd3 d4 32. Rf3 Rfe8 33. Rc7 b4 34. axb4 Rxb4 35. Rg3+ Kh8 36. Rgg7 Reb8 37. Rxh7+ Kg8 38. Rcg7+ Kf8 39. Nf3 Rb2+ 40. Kf1 Rc2 41. Rh8+ Kxg7 42. Rxb8 a3 43. Ra8 a2 44. Ne1 Rb2 45. Ra7+ Kf6 46. h4 d3 47. Nxd3 Rb1+ 48. Kf2 a1=Q 49. Rxa1 Rxa1 50. Ne1 Ra4 51. Ke3 Ra3+ 52. Nd3 Ra2 53. g3 Ra1 54. Kf2 Ra2+ 55. Kf3 Ra3 56. Ke3 Ra2 57. g4 Rh2 58. g5+ Ke6 59. Nc5+ Kd6 60. Nb7+ Kc7 61. Nc5 Rxh4 62. g6 Rh3+ 63. Kf2 Kd6 64. g7 1-0


[Site "https://www.chess.com"]

[Event "Titled Tuesday Blitz July 05 Late 2022"]
[White "Skytte, Rasmus"]
[Black "Dilanyan, Grigor"]
[WhiteFideId "1404210"]
[BlackFideId "13303570"]
[WhiteElo "2430"]
[BlackElo "2279"]
[Result "0-1"]
[Round "07"]
[TimeControl "180+1"]
[Date "2022.07.05"]
[WhiteClock "0:00:13"]
[BlackClock "0:00:12"]

1. e4 e5 2. d4 exd4 3. c3 d3 4. Bxd3 Nc6 5. Nf3 d6 6. O-O Nf6 7. h3 g6 8. Re1 Bg7 9. Bg5 O-O 10. Nbd2 h6 11. Bh4 g5 12. Bg3 Re8 13. Qb3 Nh5 14. Bh2 Nf4 15. Bxf4 gxf4 16. Rad1 Rb8 17. Bb5 Bd7 18. Nc4 a6 19. Bxc6 Bxc6 20. Qc2 b5 21. Ncd2 Qf6 22. Nd4 Bb7 23. N2f3 Qg6 24. Nf5 Bf6 25. Qd3 Kh8 26. N3h4 Qh5 27. Qf3 Qxf3 28. gxf3 Rg8+ 29. Kh2 Rbe8 30. Ng2 Rg5 31. Nxh6 Re7 32. Ng4 Bg7 33. Nxf4 f5 34. exf5 Rxe1 35. Rxe1 Rxf5 36. Ng6+ Kh7 37. Ne7 Rxf3 38. Re2 Rd3 39. Nf5 Bf8 40. Nfe3 Bf3 41. Rc2 d5 42. Ne5 Bd6 43. Kg3 Be4 44. Kf4 Rxe3 45. Kxe3 Bxc2 46. Ng4 Bb1 47. Nf6+ Kg6 48. Nxd5 Bxa2 49. f4 Bxd5 50. Kd4 Be6 51. h4 c5+ 52. Ke4 Kf6 53. h5 Bf8 54. f5 Bf7 0-1


[Site "https://www.chess.com"]

[Event "Titled Tuesday Blitz July 05 Late 2022"]
[White "So, Wesley"]
[Black "Paravyan, David"]
[WhiteFideId "5202213"]
[BlackFideId "4194985"]
[WhiteElo "2763"]
[BlackElo "2569"]
[Result "1-0"]
[Round "07"]
[TimeControl "180+1"]
[Date "2022.07.05"]
[WhiteClock "0:00:05"]
[BlackClock "0:00:02"]

1. e4 e5 2. Nf3 Nf6 3. Nxe5 d6 4. Nf3 Nxe4 5. Nc3 Nxc3 6. dxc3 Be7 7. Be3 O-O 8. Qd2 Bg4 9. O-O-O Nd7 10. Kb1 c6 11. h3 Bxf3 12. gxf3 Re8 13. Rg1 Ne5 14. Be2 b5 15. f4 Nc4 16. Bxc4 bxc4 17. Qd4 Bf8 18. Qxc4 Qd7 19. f5 Qxf5 20. Qxc6 Qxh3 21. Qd5 g6 22. Bd4 Qe6 23. Qf3 Bg7 24. b3 a5 25. a4 Rab8 26. Kb2 Be5 27. Rge1 f6 28. Qd3 Re7 29. f4 Reb7 30. c4 Bxd4+ 31. Qxd4 Qf7 32. Qc3 Qc7 33. Rd5 Rb4 34. Ka2 Qc6 35. Rxa5 d5 36. Rxd5 Rxa4+ 37. Kb2 Rxc4 38. Rd8+ Rxd8 39. Qxc4+ Qxc4 40. bxc4 Kf7 41. Kc3 Re8 42. Rh1 h5 43. c5 Ke6 44. Kc4 Kd7 45. Rg1 Re4+ 46. Kb5 Re2 47. c6+ Kc7 48. Rxg6 Rxc2 49. Rxf6 Rb2+ 50. Kc5 Rc2+ 51. Kd5 Rd2+ 52. Ke5 Rc2 53. Kd5 Rd2+ 54. Ke5 Rc2 55. f5 Rxc6 56. Rxc6+ Kxc6 57. Ke6 Kc7 58. f6 h4 59. f7 h3 60. f8=Q 1-0


[Site "https://www.chess.com"]

[Event "Titled Tuesday Blitz July 05 Late 2022"]
[White "Swiercz, Dariusz"]
[Black "Rustemov, Alexander"]
[WhiteFideId "1126881"]
[BlackFideId "4119002"]
[WhiteElo "2627"]
[BlackElo "2746"]
[Result "1-0"]
[Round "07"]
[TimeControl "180+1"]
[Date "2022.07.05"]
[WhiteClock "0:01:06"]
[BlackClock "0:00:04"]

1. d4 d5 2. c4 c6 3. Nf3 Nf6 4. Qb3 dxc4 5. Qxc4 Bf5 6. g3 e6 7. Bg2 Be7 8. O-O O-O 9. Qb3 Qb6 10. Nbd2 Nbd7 11. Nc4 Qa6 12. Bf4 Be4 13. Bd6 Bd5 14. Bxe7 Bxc4 15. Qc2 Rfe8 16. Bxf6 Nxf6 17. Rfe1 Bd5 18. e4 Bxe4 19. Rxe4 Nxe4 20. Qxe4 Qb5 21. Qc2 Rad8 22. Re1 h6 23. a3 Rd6 24. h4 Red8 25. Bf1 Qf5 26. Qc3 Qf6 27. Re3 b6 28. b4 Qe7 29. Bd3 g6 30. h5 g5 31. Bc2 g4 32. Ne5 Qg5 33. Re4 f5 34. Re1 Qxh5 35. Nxc6 R8d7 36. Bb3 Qe8 37. d5 Rc7 38. b5 e5 39. Rxe5 Qf7 40. Qe3 Kg7 41. Qf4 Rf6 42. d6 Qxb3 43. dxc7 Qd1+ 44. Kg2 Qd7 45. Re7+ 1-0


[Site "https://www.chess.com"]